 Dungeon Crawl Stone Soup version 0.28-a0-1235-g7c8fac35f0 (webtiles) character file.

Game seed: 2754785397001692018

46 Zonian the Chiller (level 3, -1/24 HPs)
             Began as a Merfolk Ice Elementalist on Dec 24, 2021.
             Was an Initiate of Nemelex Xobeh.
             Slain by Grinder (8 damage)
             ... while paralysed by Grinder
             ... on level 3 of the Dungeon.
             The game lasted 00:03:29 (3070 turns).

Zonian the Chiller (Merfolk Ice Elementalist)       Turns: 3070, Time: 00:03:30

Health: -1/24      AC:  2    Str:  8    XL:     3   Next: 68%
Magic:  3/6        EV:  2    Int: 16    God:    Nemelex Xobeh [......]
Gold:   112        SH:  0    Dex: 14    Spells: 6/7 levels left

rFire   . . .      SeeInvis .   d - +0 dagger (flame)
rCold   . . .      Faith    .   (no shield)
rNeg    . . .      Spirit   .   a - +0 robe
rPois   .          Reflect  .   (no helmet)
rElec   .          Harm     .   (no cloak)
rCorr   .          Rampage  .   (no gloves)
Will    .....                   (no boots)
Stlth   ++........              (no amulet)
HPRegen 0.08/turn               (no ring)
MPRegen 0.10/turn               (no ring)

@: paralysed
A: (nimble swimmer 2), mertail
a: Renounce Religion, Draw Escape, Draw Destruction, Draw Summoning


You were on level 3 of the Dungeon.
You worshipped Nemelex Xobeh.
Nemelex Xobeh was noncommittal.
You visited 1 branch of the dungeon, and saw 3 of its levels.

You collected 112 gold pieces.

Inventory:

Hand Weapons
 d - a +0 dagger of flaming (weapon)
 f - a +0 war axe of flaming
Armour
 a - a +0 robe (worn)
Scrolls
 b - 2 scrolls of identify
 c - a scroll of fear {unknown}
 e - a scroll of vulnerability {unknown}
 h - a scroll of teleportation {unknown}
 i - a scroll of summoning {unknown}
 j - a scroll of brand weapon
Potions
 g - 2 potions of ambrosia
 k - a potion of curing {unknown}


   Skills:
 + Level 3.4 Dodging
 + Level 2.9 Stealth
 + Level 2.5 Spellcasting
 + Level 4.8 Ice Magic
 + Level 0.2 Invocations


You had 6 spell levels left.
You knew the following spells:

 Your Spells              Type           Power      Damage    Failure   Level
a - Freeze                Ice            68%        1d8       2%          1

Your spell library contained the following spells:

 Spells                   Type           Power      Damage    Failure   Level
 Frozen Ramparts          Ice            34%        1d5       9%          3
 Ozocubu's Armour         Ice            17%        N/A       9%          3
 Hailstorm                Conj/Ice       9%         3d4       58%         4


Dungeon Overview and Level Annotations

Branches:
Dungeon (3/15)

Altars:
Nemelex Xobeh

Annotations:
D:3 Grinder


Innate Abilities, Weirdness & Mutations

((You are very nimble when in or above water. (Stealth+, EV+, Speed+++)))
Your lower body shifts to a powerful aquatic tail in water.


Message History

Grinder gestures at you. Pain shoots through your body!
Ouch! That really hurt!
Unknown command.
You are too injured to fight recklessly!
Casting: Freeze (safe; 2% risk of failure)
Confirm with . or Enter, or press ? or * to list all spells.
Aiming: Freeze (safe; 2% risk of failure)
Press: ? - help, Shift-Dir - straight line, f/p - Grinder
Aim: Grinder (lightly wounded)
You freeze Grinder but do no damage.
Grinder completely resists.
Grinder closely misses you.
Unknown command.
Casting: Freeze (safe; 2% risk of failure)
Confirm with . or Enter, or press ? or * to list all spells.
Aiming: Freeze (safe; 2% risk of failure)
Press: ? - help, Shift-Dir - straight line, f/p - Grinder
Aim: Grinder You freeze Grinder but do no damage.
Grinder completely resists.
Grinder barely misses you.
Unknown command.
As you read the scroll labelled YMIJUJ YREG, it crumbles to dust.
It is a scroll of brand weapon.
Your +0 dagger is engulfed in flames!
d - a +0 dagger of flaming (weapon)
Grinder closely misses you.
Unknown command.
You closely miss Grinder. Grinder misses you.
You hit Grinder. You burn Grinder.
Grinder is lightly wounded.
Grinder gestures at you.
You suddenly lose the ability to move!
Grinder says, "DUCK!"
Grinder hits you.
You writhe in agony.
* * * LOW HITPOINT WARNING * * *
Grinder gestures at you.
You shrug off the repeated paralysis!
Grinder hits you!
You die...
Your body disappears without a glow.

### .
..##### #.
#.....#
#..###.....#
#......<...#
....#..5...#
.......@...#
.....#######
..... ####


You could see Grinder.

Vanquished Creatures
  An adder (D:2)
  A worm (D:2)
  A dart slug (D:1)
  4 endoplasms
  2 giant cockroaches (D:1)
  A goblin (D:1)
  6 hobgoblins
  A quokka (D:2)
  A ball python (D:1)
  4 bats
  2 frilled lizards (D:2)
  2 kobolds
  5 rats
31 creatures vanquished.

Notes
Turn   | Place    | Note
-------+----------+-------------------------------------------
     0 | D:1      | Zonian the Merfolk Ice Elementalist began the quest for the
                  | Orb.
     0 | D:1      | Reached XP level 1. HP: 13/13 MP: 3/3
   459 | D:1      | Reached XP level 2. HP: 15/19 MP: 3/5
  1368 | D:1      | Reached XP level 3. HP: 19/24 MP: 4/6
  1857 | D:2      | Found a sparkling altar of Nemelex Xobeh.
  1866 | D:2      | Became a worshipper of Nemelex Xobeh the Trickster
  2199 | D:2      | Found a faded altar of an unknown god.
  3057 | D:3      | Noticed Grinder
  3067 | D:3      | Paralysed by Grinder for 4 turns
  3070 | D:3      | Slain by Grinder

Illustrated notes

Levels and vault maps discovered:
D:1:      minmay_arrival_shattered_statue, layout_loops_corners
D:2:      layout_loops_corners, dreamdust_ecumenical_altar_grove, basic_altar,
          serial_bayou_lake_a
D:3:      layout_loops_cross, hangedman_abyss_or_decor_lesser_grid,
          kennysheep_cross_room, uniq_jessica, uniq_grinder

Skill      XL: |  1  2 |
---------------+-------+-----
Dodging        | 3 |  3.4
Stealth        | |  2.9
Spellcasting   | |  2.5
Ice Magic      | |  4.8
Invocations    | |  0.2

Action                   || total
-------------------------++-------
Melee: Unarmed           ||     7
       Dagger            ||    42
       War axe           ||     5
 Cast: Freeze            ||    46
  Use: Scroll            ||     2
 Stab: Sleeping          ||     3
Armor: Robe              ||    16
Dodge: Dodged            ||    72

Table legend: (Time is in decaauts)
 A = Elapsed time spent in this place.
 B = Non-inter-level travel time spent in this place.
 C = Inter-level travel time spent in this place.
 D = Time resting spent in this place.
 E = Time spent auto-exploring this place.
 F = Levels seen in this place.
 G = Mean time per level.
                   A        B        C        D        E       F      G
               +--------+--------+--------+--------+--------+-----+--------+
         Total |   3047 |   3005 |     42 |   1014 |   1666 |   3 | 1015.7 |
       Dungeon |   3047 |   3005 |     42 |   1014 |   1666 |   3 | 1015.7 |
               +--------+--------+--------+--------+--------+-----+--------+

Top non-repeatable levels by time:
     D:1: 1858 daAuts
     D:2: 1176 daAuts
     D:3: 12 daAuts
